Cogmind - Beta 13 X2 @@@ ROGUE MODE // 2024.01.14 @ 13:07:29 Player: Minty Result: Destroyed by as-31307 with Assembled Heavy Rifle Performance ------------- Evolutions (0) 0 Regions Visited (2) 400 Robots Destroyed (9) 45 Value Destroyed (203) 203 Prototype IDs (6) 120 Alien Tech Used (0) 0 Bonus (-91) -91 TOTAL SCORE: 677 Bonus ------- Friendly Fire -91 Cogmind --------- Core Integrity 0/250 Matter 68/300 Energy 86/100 System Corruption 5% Temperature Cool (0) Movement Core (50) Location -10/Mines Parts ------- > --- POWER (1) -------- (None) > --- PROPULSION (2) --- (None) > --- UTILITY (2) ------ Improved Signal Interpreter > --- WEAPON (2) ------- Light Cannon > --- INVENTORY (5) ---- Improved Trap Extractor (0/6) Great Maul Botcube Peak State ------------ > --- POWER ------------ Ion Engine > --- PROPULSION ------- Flight Unit Flight Unit > --- UTILITY ---------- Improved Signal Interpreter Hacking Suite > --- WEAPON ----------- Light Cannon > --- INVENTORY -------- Flight Unit Flight Unit Grenade Launcher Datajack Botcube [Rating: 11] Favorites ----------- Power Ion Engine Engine Ion Engine Power Core Nuclear Core Propulsion Flight Unit Leg Aluminum Leg Hover Unit Hover Unit Flight Unit Flight Unit Utility Hacking Suite Storage Small Storage Unit Processor Signal Interpreter Hackware Hacking Suite Weapon Assault Rifle Energy Gun Small Laser Ballistic Gun Assault Rifle Ballistic Cannon Light Cannon Launcher Grenade Launcher Impact Weapon Great Maul Special Melee Weapon Datajack Build | -11 -10 -10 ------- Run | Yrd Mat Min Slots Evolved . | . . . Power . | . . . Propulsion . | . . . Utility . | . . . Weapon . | . . . Parts Attached 29 | . 16 13 Power 5 | . 4 1 Engine 4 | . 4 . Core 1 | . . 1 Reactor . | . . . Propulsion 8 | . 5 3 Treads . | . . . Leg 2 | . 2 . Wheel . | . . . Hover 1 | . 1 . Flight 5 | . 2 3 Utility 3 | . 2 1 Device . | . . . Storage . | . . . Processor 2 | . 1 1 Hackware 1 | . 1 . Protection . | . . . Artifact . | . . . Weapon 13 | . 5 8 Energy Gun 2 | . 2 . Energy Cannon . | . . . Ballistic Gun 2 | . 2 . Ballistic Cannon 5 | . 1 4 Launcher 2 | . . 2 Special Weapon . | . . . Impact Weapon 1 | . . 1 Slashing Weapon . | . . . Piercing Weapon . | . . . Special Melee Weapon 1 | . . 1 Unidentified Prototypes . | . . . Parts Lost 8 | . . 8 Power 2 | . . 2 Propulsion 4 | . . 4 Utility 1 | . . 1 Weapon 1 | . . 1 Highest Loss Streak 8 | . . 8 To Critical Strikes . | . . . Average Slot Usage (%) 90 | . 98 64 Engine 12 | . 14 8 Leg 9 | . 12 . Flight 16 | . 15 20 Storage 5 | . 7 . Processor 8 | . 7 14 Hackware 11 | . 13 6 Energy Gun 3 | . 4 . Ballistic Gun 15 | . 20 . Ballistic Cannon 2 | . 1 6 Launcher 1 | . . 6 Naked Turns . | . . . Heaviest Build 14 | 14 14 8 Greatest Support 20 | 20 20 8 Greatest Overweight (x) 2 | . 2 . Average Overweight (x) . | . . . Largest Inventory Capacity 8 | . 8 5 Average Capacity 6 | . 6 5 Most Carried 8 | . 8 5 Average Carried 5 | . 6 4 Final Capacity 8 | 8 5 5 Final Carried 7 | 7 5 3 Class Distribution -------------------- 69% | Scavenger-Mutant 30% | Mutant Dominant Class ---------------- Scavenger-Mutant | -10/Materials Scavenger-Mutant | -10/Mines Resources | -11 -10 -10 ----------- Run | Yrd Mat Min Matter Collected 439 | 193 246 . Remotely . | . . . Salvage Created 273 | . 213 60 Parts 21 | . 21 . Haulers Intercepted . | . . . Recyclers Shooed . | . . . Parts Field Recycled . | . . . Retrieved Matter . | . . . Parts Self-Destructed . | . . . Prevented . | . . . Kills | -11 -10 -10 ------- Run | Yrd Mat Min Combat Hostiles Destroyed 22 | . 6 16 Melee 3 | . . 3 Guns 5 | . 5 . Cannons 1 | . 1 . AOE 13 | . . 13 Classes Destroyed 5 | . 4 1 Operator 1 | . 1 . Watcher 2 | . 2 . Swarmer 3 | . 3 . Grunt 3 | . 3 . Assembled 16 | . . 16 Best Kill Streak 16 | . 3 16 Combat Bots Only 16 | . 3 16 Max Kills in Single Turn 3 | . 1 3 Gunslinging . | . . . Exploded 3 | . . 3 Melee 1 | . . 1 Uniques/NPCs Destroyed . | . . . Combat | -11 -10 -10 -------- Run | Yrd Mat Min Hostile Shots Fired 99 | . 44 55 Missed 44 | . 17 27 Damage Taken 832 | . 258 574 Core 254 | . 40 214 Absorbed by Shields . | . . . Regen/Repaired (Parts) 16 | . 16 . Core Remaining (%) 100 | 100 . . Volleys Fired 36 | . 24 12 Largest 2 | . 2 1 Hottest 60 | . 60 35 Shots Fired 55 | . 43 12 Gun 38 | . 38 . Cannon 9 | . 5 4 Launcher 8 | . . 8 Special . | . . . Kinetic 44 | . 40 4 Thermal 3 | . 3 . Explosive 8 | . . 8 Electromagnetic . | . . . Robot Hit Streak 11 | . 11 8 Robot Miss Streak 5 | . 5 2 Penetration Max . | . . . Secondary Targets 2 | . 2 . Max Gunslinging Chain 1 | . 1 . Shots Hit Robots 35 | . 23 12 Core Hits 44 | . 13 31 Critical Kills . | . . . Critical Parts Destroyed 1 | . . 1 Critical Strikes 2 | . . 2 Blast 1 | . . 1 Smash 1 | . . 1 Melee Attacks 4 | . . 4 Impact 4 | . . 4 Slashing . | . . . Piercing . | . . . Sneak Attacks . | . . . Combat Hostiles . | . . . Follow-up Attacks . | . . . Damage Inflicted 1415 | . 323 1092 Guns 266 | . 266 . Cannons 116 | . 57 59 Explosions 832 | . . 832 Melee 201 | . . 201 Ramming . | . . . Kinetic 350 | . 291 59 Thermal 32 | . 32 . Explosive 832 | . . 832 Electromagnetic . | . . . Impact 201 | . . 201 Slashing . | . . . Piercing . | . . . Highest Corruption 5 | . . 5 Average Corruption 3 | . . 3 Corruption Purged . | . . . Corruption Blocked . | . . . Effects 1 | . . 1 Parts Fused 1 | . . 1 Overload Shots . | . . . Overflow Damage 88 | . . 88 Projectiles . | . . . Explosions . | . . . Melee 88 | . . 88 Knockbacks 2 | . . 2 Impact . | . . . Kinetic 2 | . . 2 Secondary . | . . . Self-Inflicted Damage 51 | . . 51 Shots 3 | . . 3 Rammed . | . . . Targets Rammed . | . . . Kicked . | . . . Crushed . | . . . Highest Temperature 18 | . 18 1 Average Temperature 5 | . 5 1 Received Heat Transfer 54 | . 54 . Siege Activations . | . . . Robots Corrupted . | . . . Combat Hostiles . | . . . Parts Fried . | . . . Impact Corruptions 2 | . . 2 Robots Melted . | . . . Combat Hostiles . | . . . Parts Melted . | . . . Heat Transferred 75 | . 75 . Parts Sabotaged . | . . . Parts Stolen . | . . . Parts Stripped . | . . . Power Chain Reactions . | . . . Missiles Intercepted . | . . . Alert | -11 -10 -10 ------- Run | Yrd Mat Min Peak Influence 232 | . 232 130 Initial 90 | . . 90 Average 101 | . 103 93 Maximum Alert Level 1 | . 1 . Low Security (%) 94 | . 93 100 Level 1 5 | . 6 . Level 2 . | . . . Level 3 . | . . . Level 4 . | . . . Level 5 . | . . . High Security . | . . . Max Security . | . . . Squads Dispatched 2 | . 2 . Investigation 2 | . 2 . Extermination . | . . . Reinforcement . | . . . Assault . | . . . Garrison . | . . . Intercept . | . . . Searches Triggered . | . . . Construction Impeded . | . . . Haulers Reinforced . | . . . Active Scanning Responses . | . . . Cargo Convoy Interrupts . | . . . Stealth | -11 -10 -10 --------- Run | Yrd Mat Min Distress Signals 3 | . 3 . Communications Jammed . | . . . Distress Signals . | . . . Times Spotted 30 | . 11 19 Peak Tracking Total 8 | . 4 8 Tactical Retreats 1 | . 1 . Traps | -11 -10 -10 ------- Run | Yrd Mat Min Traps Triggered . | . . . Indirectly . | . . . Trap Hack Attempts 1 | . . 1 Triggered . | . . . Disarmed . | . . . Reprogrammed 1 | . . 1 Reused . | . . . Traps Extracted . | . . . Installed . | . . . Triggered . | . . . Machines | -11 -10 -10 ---------- Run | Yrd Mat Min Machines Disabled 3 | . . 3 Max in Single Turn 3 | . . 3 Machines Repaired . | . . . Machines Dismantled . | . . . Machines Sabotaged . | . . . Overloaded Fab Kills . | . . . Hacking | -11 -10 -10 --------- Run | Yrd Mat Min Machines Accessed 6 | . 5 1 Terminals 3 | . 3 . Fabricators . | . . . Repair Stations 1 | . 1 . Recycling Units 1 | . 1 . Scanalyzers . | . . . Garrison Access . | . . . Total Hacks 14 | . 13 1 Successful 12 | . 11 1 Failed 2 | . 2 . Catastrophic 1 | . 1 . Database Lockouts . | . . . Manual 10 | . 10 . Terminals 10 | . 10 . Fabricators . | . . . Repair Stations 2 | . 2 . Recycling Units 1 | . 1 . Scanalyzers . | . . . Garrison Access . | . . . Terminal Hacks 9 | . 8 1 Prototype ID Bank 8 | . 8 . Open Door 1 | . . 1 Fabricator Hacks . | . . . Repair Station Hacks 2 | . 2 . Scan Component 1 | . 1 . Repair 1 | . 1 . Recycling Unit Hacks . | . . . Scanalyzer . | . . . Garrison Access Hacks . | . . . Unauthorized Hacks 1 | . 1 . Terminals . | . . . Fabricators . | . . . Repair Stations . | . . . Recycling Units 1 | . 1 . Tunnel 1 | . 1 . Scanalyzers . | . . . Garrison Access . | . . . Data Cores Recovered 1 | . 1 . Used 1 | . 1 . Hacking Detections 4 | . 4 . Full Trace Events 1 | . 1 . Feedback Events . | . . . Feedback Blocked . | . . . Robot Schematics Acquired . | . . . Robots Built . | . . . Authchips . | . . . Time . | . . . Total Robot Build Rating . | . . . Part Schematics Acquired . | . . . Parts Built . | . . . Authchips . | . . . Time . | . . . Total Part Build Rating . | . . . Parts Repaired 1 | . 1 . Time 26 | . 26 . Parts Recycled . | . . . Recycled Matter . | . . . Retrieved Matter . | . . . Retrieved Components . | . . . Parts Scanalyzed . | . . . Part Schematics Acquired . | . . . Parts Damaged . | . . . Bothacking | -11 -10 -10 ------------ Run | Yrd Mat Min Used RIF Installer . | . . . Robots Hacked . | . . . Non-combat . | . . . Combat . | . . . Robot Hacks Applied . | . . . Relay Couplers Released . | . . . Fabnet Peak Effective % . | . . . Robots Rewired . | . . . Allies Hacked . | . . . Hacks Repelled . | . . . Allies | -11 -10 -10 -------- Run | Yrd Mat Min Total Allies . | . . . Largest Group . | . . . Highest-Rated Group . | . . . Highest-Rated Ally . | . . . Total Orders . | . . . Ally Attacks . | . . . Total Damage . | . . . Kills . | . . . Allies Corrupted . | . . . Allies Melted 1 | . . 1 Intel | -11 -10 -10 ------- Run | Yrd Mat Min Robot Analysis Total . | . . . Derelict Logs Recovered . | . . . Drone Launches . | . . . Drone Recoveries . | . . . Exploration | -11 -10 -10 ------------- Run | Yrd Mat Min Turns Passed 312 | . 246 66 Spaces Moved 264 | 1 240 23 Core . | . . . Treads . | . . . Legs 39 | 1 38 . Wheels . | . . . Hover . | . . . Flight 225 | . 202 23 Fastest Speed 37 | 120 37 37 Average Speed 51 | 120 52 37 Slowest Speed 200 | 120 200 37 Overloaded Moves . | . . . Propulsion Burnouts . | . . . Robots Hopped 3 | . 3 . Cave-ins Triggered . | . . . Exploration Rate (%) 14 | 2 35 6 Regions Visited 2 Branch Regions 1 Pre-discovered Areas 1 | . 1 . Known Exits Taken 1 | . 1 . Unknown Exits Taken 1 | 1 . . Scrap Searched . | . . . Spaces Dug . | . . . Terrain Destroyed 42 | . . 42 Melee . | . . . Projectile . | . . . AOE 42 | . . 42 Terrain Rammed . | . . . Walls Destroyed . | . . . Machines Disabled . | . . . Actions | -11 -10 -10 --------- Run | Yrd Mat Min Total 377 | . 320 57 Wait 10 | . 10 . Move 256 | . 233 23 Hop 3 | . 3 . Pick Up 11 | . 9 2 Fast Attach 10 | . 8 2 Attach 4 | . 1 3 Detach 2 | . 2 . Swap 15 | . 7 8 Drop 25 | . 23 2 Fire 36 | . 24 12 Melee 4 | . . 4 Ram . | . . . Kick . | . . . Crush . | . . . Escape Stasis . | . . . Rewire . | . . . Trap 1 | . . 1 Miscellaneous . | . . . Route ------- -11/Scrapyard -10/Materials -10/Mines History --------- Turn | Location | Event 1 | -11/Scrapyard | Discovered new exit (range 0) 1 | -11/Scrapyard | Entered Materials 171 | -10/Materials | Repaired Flight Unit 242 | -10/Materials | Discovered new exit (range 13) 246 | -10/Materials | Identified exit to Mines 247 | -10/Materials | Entered Mines 248 | -10/Mines | Assembled infested the area 249 | -10/Mines | Met a Derelict who couldn't figure out how to use a Trap Extractor 258 | -10/Mines | Met a Derelict bent on vengeance 298 | -10/Mines | Core integrity fell below 50% 306 | -10/Mines | Core integrity fell below 20% 313 | -10/Mines | Destroyed by as-31307 with Assembled Heavy Rifle Last Messages --------------- 00290_ Acquired Nuclear Core. 00293_ Flight Unit destroyed. 00293_ System corrupted by crushing effect (+4). 00295_ Flight Unit destroyed. 00296_ System corrupted: Flight Unit fused. 00299_ Flight Unit destroyed. 00299_ Grenade Launcher destroyed. 00300_ Destroyed Asb. Blade. 00300_ as-70519 system corrupted by crushing effect. 00300_ as-70519 destroyed. 00301_ Nuclear Core destroyed. 00303_ as-92100 destroyed. 00304_ The unstable cave ceiling collapses. 00306_ as-74992 suffers critical hit (Smash). 00306_ Destroyed Asb. Hover Unit. 00306_ as-74992 system corrupted by crushing effect. 00306_ as-74992 destroyed. 00310_ U-05 Engineer lays Concrete. 00312_ as-31307 suffers critical hit (Blast). 00312_ U-05 Engineer lays Concrete. Map ----- +----------------------------------------------------+ | | | | | | | | | | | ?????????????????????????????????????????????????? | | ?????????????????????????????????????????????????? | | ?????????????????????????????????????????????????? | | ?????????????????????????????????????????????????? | | ?????????????????????????????????????????????????? | | ?????????????????????????????????????????????????? | | ?????????????????????????????????????????????????? | | ?????????????????????????????????????????????????? | | ?????????????????????????????????????????????????? | | ?????????????????????????????????????????????????? | | ?????????????????????????????????????????????????? | | ?????????????????????????????????????????????????? | | ?????????????????????????????????????????????????? | | ?????????????????????????????????????????????????? | | ?????????????????????????????????????????????????? | | ?????????????????????????????????????????????????? | | ?????????????????????????????????????????????????? | | ?????????????????????????????????????????????????? | | ????????????????????######???????????????????????? | | ???????????????????##" "##??????????????????????? | | ???????????????????# !!%@##?????????????????????? | | ???????????????????#" !%!% #?????????????????????? | | ???????????????????# ! #?????????????????????? | | ??????????????????### #????????????????????? | | ?????????????????## ##???????????????????? | | ????????????????## ???????????????????? | | ????????????????# %a # #?????????????????? | | ????????????????# # #?????????????????? | | ????????????????## ## a #????????????????? | | ?????????????????###?## #????????????????? | | ??????????????????????# #????????????????? | | ??????????????????????## % #???????????????? | | ???????????????????????# # #???????????????? | | ??????????????????????? # #???????????????? | | ???????????????????????## u######???????????????? | | ?????????????????????????# #????????????????????? | | ?????????????????????????? #????????????????????? | | ?????????????????????????? ????????????????????? | | ?????????????????????????? #????????????????????? | | ??????????????????????????? #????????????????????? | | ?????????????????????????????????????????????????? | | ?????????????????????????????????????????????????? | | ?????????????????????????????????????????????????? | | ?????????????????????????????????????????????????? | | ?????????????????????????????????????????????????? | +----------------------------------------------------+ Best States ------------- Heat Dissipation 25 Energy Generation 14 Energy Capacity 250 Matter Stores 300 Matter Capacity 300 Sight Range 16 Terrain Scan Density 10 Evasion (%) 62 Offensive Hacking 10 Item Schematics ----------------- None Robot Schematics ------------------ None Fabricated ------------ Nothing Alien Tech Used ----------------- None Achievements -------------- None Challenges ------------ None Game ------ Seed BottomlessMicrowarpNanovents Manual? 0 Play Time 00:08:16 Cumulative 591.0 hours Start 2024.01.14 @ 13:00:51 End 2024.01.14 @ 13:07:29 Sessions 1 Manual Loads 0 Difficulty Rogue Special Mode None Game No. 520 Rogue 247 Adventurer 123 Explorer 150 Win Type - Total 25 Types 19/0/4/1/0/0/0/1/0 Lore% 78 Gallery% 90 Achievement% 75 Wizard Run 0 Options --------- ASCII 0 Keyboard 1 Movement Numpad Keybinds 0 Fullscreen 2 Font 18/X11Bold Map View 76x50 Zoom Use 0% Tactical HUD 1 Map Filters NONE Filters NONE Steam 1 RUN: 3911b74b-1539-4450-9237-e85bacd57012